 Dungeon Crawl Stone Soup version 0.21-a0-581-gb7d493d (webtiles) character file.

24763 TheGoonsmith the Nimble (level 12, -7/60 HPs)
             Began as a Spriggan Enchanter on Dec 19, 2017.
             Was a Priest of Ashenzari.
             Killed by divine providence
             ... invoked by an orc priest
              (15 damage)
             ... on level 2 of the Orcish Mines.
             The game lasted 00:55:38 (20806 turns).

TheGoonsmith the Nimble (Spriggan Enchanter)       Turns: 20806, Time: 00:55:38

Health: -7/60      AC:  4    Str:  4    XL:     12   Next: 83%
Magic:  25/25      EV: 39    Int: 18    God:    Ashenzari [***...]
Gold:   681        SH:  0    Dex: 20    Spells: 15/27 levels left

rFire    . . .     SeeInvis +   a - +2 dagger (venom) (curse)
rCold    . . .     Gourm    .   (shield restricted)
rNeg     . . .     Faith    .   G - +1 robe (curse)
rPois    .         Spirit   .   (helmet restricted)
rElec    .         Reflect  .   j - +0 cloak (curse)
rCorr    .         Harm     .   (gloves unavailable)
MR       ++...                  (boots unavailable)
Stlth    ++++++....             (no amulet)
HPRegen  0.20/turn              i - +3 ring of evasion
MPRegen  0.19/turn              q - +4 ring of evasion (curse)

@: about to teleport, very slightly contaminated, starving, very quick
A: very small, unfitting armour, see invisible, herbivore, speed 3, slow
metabolism 2
a: Curse Item, Scrying, Renounce Religion


You were on level 2 of the Orcish Mines.
You worshipped Ashenzari.
Ashenzari was most pleased with you.
You were starving.

You visited 4 branches of the dungeon, and saw 16 of its levels.
You also visited: Sewer and Ossuary.

You collected 1170 gold pieces.
You spent 489 gold pieces at shops.

Inventory:

Hand Weapons
 a - a cursed +2 dagger of venom (weapon)
Missiles
 k - 84 poisoned needles
 l - a throwing net (quivered)
Armour
 j - a cursed +0 cloak (worn)
 G - a cursed +1 robe (worn)
Jewellery
 i - a +3 ring of evasion (left hand)
 q - a cursed +4 ring of evasion (right hand)
 E - an uncursed ring of ice
Wands
 d - a wand of scattershot (2)
 m - a wand of acid (20)
 v - a wand of digging (18)
 J - a wand of flame (34)
 K - a wand of paralysis (9)
 M - a wand of clouds (10)
Scrolls
 e - 5 scrolls of teleportation
 f - a scroll of blinking
 g - 3 scrolls of remove curse
 n - 2 scrolls of amnesia
 u - a scroll of enchant weapon
 w - 8 scrolls of identify
 I - a scroll of silence
 N - a scroll of immolation {unknown}
Potions
 b - a potion of might
 h - 2 potions of mutation
 o - 3 potions of agility
 p - 9 potions of flight
 r - 5 potions of haste
 s - a potion of degeneration
 x - 6 potions of lignification
 z - 3 potions of magic
 A - 5 potions of curing
 B - 2 potions of invisibility
Books
 c - a book of Maledictions

   Spells                             Type                      Level
   a - Corona                         Hexes                        1
   b - Ensorcelled Hibernation        Hexes/Ice                    2
   c - Confuse                        Hexes                        3
   d - Tukima's Dance                 Hexes                        3
   e - Dazzling Spray                 Conjuration/Hexes            3
 t - a book of Cantrips

   Spells                             Type                      Level
   a - Confusing Touch                Hexes                        1
   b - Animate Skeleton               Necromancy                   1
   c - Summon Small Mammal            Summoning                    1
   d - Apportation                    Translocation                1
 y - a Young Poisoner's Handbook

   Spells                             Type                      Level
   a - Sting                          Conjuration/Poison           1
   b - Poisonous Vapours              Poison/Air                   2
   c - Mephitic Cloud                 Conjuration/Poison/Air       3
   d - Olgreb's Toxic Radiance        Poison                       4
   e - Venom Bolt                     Conjuration/Poison           5
 C - a book of Changes

   Spells                             Type                      Level
   a - Beastly Appendage              Transmutation                1
   b - Sticks to Snakes               Transmutation                2
   c - Spider Form                    Transmutation/Poison         3
   d - Ice Form                       Ice/Transmutation            4
   e - Blade Hands                    Transmutation                5
 F - a book of Frost

   Spells                             Type                      Level
   a - Freeze                         Ice                          1
   b - Throw Frost                    Conjuration/Ice              2
   c - Ozocubu's Armour               Charms/Ice                   3
   d - Throw Icicle                   Conjuration/Ice              4
   e - Summon Ice Beast               Ice/Summoning                4


   Skills:
 - Level 5.2 Fighting
 - Level 8.4(11.2) Short Blades
 - Level 13.8(15.3) Dodging
 - Level 13.5(15.0) Stealth
 + Level 8.2 Spellcasting
 - Level 8.0 Hexes
 - Level 5.0 Summonings
 - Level 5.0 Ice Magic
 - Level 10.3 Evocations


You had 15 spell levels left.
You knew the following spells:

 Your Spells              Type           Power        Failure   Level  Hunger
a - Tukima's Dance        Hex            #####...     1%          3    #......
b - Ensorcelled Hibernat  Hex/Ice        ####..       1%          2    None
c - Confuse               Hex            #####...     1%          3    #......
d - Summon Ice Beast      Ice/Summ       ####....     12%         4    ###....


Dungeon Overview and Level Annotations

Branches:
Dungeon (11/15)            Temple (1/1) D:6            Lair (2/6) D:11
    Orc (2/2) D:9             Elf (0/3) Orc:2
  Swamp: Lair:2-4    Shoals: Lair:2-4     Snake: Lair:2-4    Spider: Lair:2-4

Altars:
Ashenzari
Cheibriados
Dithmenos
Elyvilon
Fedhas
Gozag
Hepliaklqana
Kikubaaqudgha
Makhleb
Nemelex Xobeh
Okawaru
Qazlal
Ru
Sif Muna
Trog
Uskayaw
Vehumet
Wu Jian
Xom
Yredelemnul
Zin
The Shining One
Beogh

Shops:
D:8 (   Orc:1 (   Orc:2 =**

Annotations:
Orc:2 Saint Roka


Innate Abilities, Weirdness & Mutations

You are very small and have problems with some larger weapons.
You are too small for most types of armour.
You have supernaturally acute eyesight. (SInv)
You are a herbivore.
You cover ground extremely quickly.
You need consume almost no food.


Message History

The orc wizard completely misses you.
You hit the orc but do no damage.
The orc is poisoned.
The orc completely misses you.
As you read the scroll of teleportation, it crumbles to dust.
You feel strangely unstable.
You feel a bit more experienced.
The orc wizard begins to cast a cantrip, but forgets the words!
The ynoxinul gestures.
The orc completely misses you.
The orc priest begins to cast a cantrip, but forgets the words!
The orc completely misses you.
The orc high priest completely misses you.
The orc no longer looks unusually strong.
The ynoxinul gestures.
The ufetubus completely misses you. x2
The orc high priest prays to Beogh.
The ynoxinul disappears in a puff of smoke!
The ufetubus disappears in a puff of smoke! x6
The orc priest calls down the wrath of Beogh upon you.
Beogh smites you!
You die...

##### ###..§##
### #......##
.8## ##.§.§3..#
...## #...§4§§@#
....##
#.3.ooo§.#
..o..#
#...ooo..#
_.8..#
##.o.oo.##
ooo..# ##...o.##
.o..# ###.....##
{..####.o....##*
.8##.....oo.## ,
..#........## *
,,


You could see an orc high priest, a smoke demon, a neqoxec, 2 orc warriors, 3
orc priests, an orc wizard and 5 orcs.

Vanquished Creatures
  Snorg (Orc:1)
  Erolcha (D:9)
  Josephine (Orc:1)
  Erica (Orc:1)
  5 two-headed ogres
  Urug (D:11)
  An unseen horror (D:11)
  2 orc knights (Orc:2)
  3 orc sorcerers (Orc:2)
  2 ugly things (D:11)
  Maurice (D:11)
  A kobold demonologist (D:11)
  A komodo dragon (Lair:1)
  5 trolls
  Prince Ribbit (D:8)
  4 wraiths
  Eustachio (D:6)
  A basilisk (Lair:1)
  11 yaks
  2 wargs (Orc:2)
  3 water moccasins (Lair:1)
  An acid dragon (D:10)
  5 porcupines (Lair:1)
  Purgy (Sewer)
  3 sky beasts
  2 phantoms
  9 ogres
  3 black bears
  An ice beast (D:11)
  A necrophage (D:9)
  29 orc warriors
  3 centaurs
  3 crocodiles (Lair:1)
  10 bullfrogs
  2 jellies
  3 scorpions
  10 killer bees
  6 howler monkeys
  5 electric eels
  A crimson imp (D:9)
  A bullfrog zombie (D:7)
  2 centaur zombies (Ossuary)
  2 hounds
  2 quasits
  A gnoll shaman (D:5)
  A human zombie (Ossuary)
  A bullfrog skeleton (D:11)
  10 orc priests
  An iguana (D:11)
  14 orc wizards
  13 worker ants
  A big kobold zombie (Ossuary)
  3 ogre zombies (Ossuary)
  A hound skeleton (D:5)
  7 mummies (Ossuary)
  11 adders
  15 gnolls
  A shadow imp (D:11)
  An ooze (D:2)
  2 adder skeletons
  5 adder zombies
  A worm (D:4)
  3 leopard geckos
  87 orcs
  5 ball pythons
  10 bats
  6 giant cockroaches
  3 goblins
  10 hobgoblins
  7 jackals
  3 frilled lizards
  4 goblin zombies (Ossuary)
  5 hobgoblin zombies (Ossuary)
  9 kobolds
  2 leopard gecko skeletons
  An orc zombie (Ossuary)
  6 quokka zombies (Ossuary)
  3 rats
  3 rat zombies (Ossuary)
410 creatures vanquished.

Vanquished Creatures (collateral kills)
  A two-headed ogre (D:11)
  An orc knight (Orc:2)
  2 orc warriors (Orc:2)
  2 ogres (Orc:2)
  An orc wizard (D:9)
  A gnoll (Orc:2)
  3 orcs
11 creatures vanquished.

Vanquished Creatures (others)
  4 dancing weapons
  An orc wizard (D:11)
  An orc (Orc:1)
  13 fungi (D:11)
  4 plants (D:11)
23 creatures vanquished.

Grand Total: 444 creatures vanquished

Notes
Turn   | Place    | Note
-------+----------+-------------------------------------------
     0 | D:1      | TheGoonsmith the Spriggan Enchanter began the quest for the Orb.
     0 | D:1      | Reached XP level 1. HP: 9/9 MP: 5/5
   293 | D:1      | Reached XP level 2. HP: 10/13 MP: 6/6
   932 | D:2      | Reached XP level 3. HP: 16/16 MP: 8/8
  1217 | D:2      | Reached skill level 5 in Stealth
  1243 | D:2      | Learned a level 2 spell: Ensorcelled Hibernation
  1247 | D:2      | Learned a level 3 spell: Confuse
  1421 | D:2      | Found a faded altar of an unknown god.
  1453 | D:2      | Found a radiant altar of Vehumet.
  1644 | D:2      | Reached XP level 4. HP: 9/21 MP: 1/10
  1841 | D:2      | Found a shattered altar of Ashenzari.
  1844 | D:2      | Found a glowing golden altar of the Shining One.
  1849 | D:2      | Became a worshipper of Ashenzari the Shackled
  2418 | D:3      | Found a deep blue altar of Sif Muna.
  2517 | D:3      | Learned a level 3 spell: Tukima's Dance
  3145 | D:4      | Reached XP level 5. HP: 24/24 MP: 11/11
  3148 | D:4      | Found a glowing drain.
  3158 | Sewer    | Entered a sewer
  3226 | Sewer    | Noticed Purgy
  3267 | Sewer    | Killed Purgy
  3667 | D:4      | Reached skill level 5 in Dodging
  3723 | D:5      | Entered Level 5 of the Dungeon
  3725 | D:5      | Reached * piety under Ashenzari
  3846 | D:5      | Reached XP level 6. HP: 21/28 MP: 13/13
  4097 | D:4      | Reached skill level 5 in Hexes
  4177 | D:5      | Found a sand-covered staircase.
  4186 | Ossuary  | Entered an ossuary
  5025 | Ossuary  | Reached XP level 7. HP: 19/32 MP: 10/14
  6565 | D:6      | Reached skill level 1 in Fighting
  6617 | D:6      | Noticed Eustachio
  6842 | D:6      | Killed Eustachio
  6842 | D:6      | Reached skill level 5 in Short Blades
  6842 | D:6      | Reached XP level 8. HP: 28/39 MP: 4/15
  7337 | D:6      | Found a staircase to the Ecumenical Temple.
  7354 | Temple   | Entered the Ecumenical Temple
  7849 | D:7      | Reached skill level 1 in Evocations
  8471 | D:7      | Reached skill level 5 in Spellcasting
  8784 | D:7      | Reached XP level 9. HP: 42/42 MP: 17/17
  9556 | D:8      | Found an iron altar of Okawaru.
  9590 | D:8      | Reached ** piety under Ashenzari
  9692 | D:8      | Found Wouzuo's Weapon Shop.
  9698 | D:8      | Bought 16 poisoned needles for 64 gold pieces
  9698 | D:8      | Bought a +5 blowgun for 295 gold pieces
  9971 | D:8      | Noticed Prince Ribbit
  9981 | D:8      | Killed Prince Ribbit
  9981 | D:8      | Reached skill level 10 in Stealth
 10145 | D:9      | Noticed Erolcha
 10147 | D:9      | Paralysed by Erolcha for 5 turns
 10269 | D:9      | Reached skill level 5 in Evocations
 10296 | D:9      | Reached skill level 10 in Dodging
 10462 | D:9      | Killed Erolcha
 10462 | D:9      | Reached XP level 10. HP: 45/48 MP: 19/22
 12167 | D:9      | Found a staircase to the Orcish Mines.
 12386 | D:10     | Entered Level 10 of the Dungeon
 12386 | D:10     | Noticed a two-headed ogre
 12601 | D:10     | Killed a two-headed ogre
 12601 | D:10     | Reached skill level 5 in Fighting
 12872 | D:10     | Identified a scroll of acquirement
 12955 | D:10     | Found a deep blue altar of Sif Muna.
 13179 | D:11     | Noticed a two-headed ogre
 13181 | D:11     | Killed a two-headed ogre
 13181 | D:11     | Reached XP level 11. HP: 51/56 MP: 24/24
 13203 | D:11     | Noticed Urug
 13234 | D:11     | HP: 1/56 [Urug/javelin (28)]
 13661 | D:11     | Noticed an unseen horror
 13661 | D:11     | Noticed a two-headed ogre
 13712 | D:11     | Killed a two-headed ogre
 13737 | D:11     | Killed an unseen horror
 14109 | D:11     | Identified the +6 whip of the Goat {pain, rF+ Dex+2} (You found it on level 6 of the Dungeon)
 15449 | D:11     | Noticed Maurice
 15571 | D:11     | Noticed a brown ugly thing
 15585 | D:11     | Killed a brown ugly thing
 15598 | D:11     | Noticed a green ugly thing
 15862 | D:11     | Killed a green ugly thing
 15868 | D:11     | Killed Maurice
 15959 | D:11     | Killed Urug
 16472 | D:11     | Found a staircase to the Lair.
 16477 | Lair:1   | Entered Level 1 of the Lair of Beasts
 16872 | Lair:1   | Reached *** piety under Ashenzari
 17144 | Lair:1   | Learned a level 4 spell: Summon Ice Beast
 17284 | Lair:1   | Reached skill level 1 in Summonings
 17284 | Lair:1   | Reached skill level 1 in Ice Magic
 18004 | Orc:1    | Entered Level 1 of the Orcish Mines
 18004 | Orc:1    | Found Ylaixuc's Weapon Shoppe.
 18006 | Orc:1    | Noticed Josephine
 18197 | Orc:1    | Killed Josephine
 18197 | Orc:1    | Reached XP level 12. HP: 60/60 MP: 25/25
 18234 | Orc:2    | Entered Level 2 of the Orcish Mines
 18426 | Orc:2    | Noticed a two-headed ogre
 18443 | Orc:2    | Killed a two-headed ogre
 18597 | Orc:1    | Noticed Erica
 18606 | Orc:1    | Killed Erica
 18762 | Orc:2    | Noticed a two-headed ogre
 18773 | Orc:2    | Killed a two-headed ogre
 18902 | Orc:2    | Noticed Saint Roka
 19271 | Orc:2    | Found a roughly hewn altar of Beogh.
 19298 | Orc:2    | Noticed a two-headed ogre
 19564 | Orc:2    | Found Kenauw's General Store.
 19783 | Orc:2    | Bought a potion of might for 52 gold pieces
 19783 | Orc:2    | Bought a scroll of teleportation for 39 gold pieces
 19783 | Orc:2    | Bought a potion of curing for 39 gold pieces
 19789 | Orc:2    | Found Demmeon's Jewellery Shoppe.
 20264 | Orc:2    | Killed a two-headed ogre
 20383 | Orc:2    | Reached skill level 5 in Ice Magic
 20501 | Orc:2    | Reached skill level 5 in Summonings
 20524 | Orc:1    | Noticed Snorg
 20527 | Orc:1    | Killed Snorg
 20527 | Orc:1    | Reached skill level 10 in Evocations
 20702 | Orc:2    | Found a staircase to the Elven Halls.
 20777 | Orc:2    | Noticed an orc high priest
 20784 | Orc:2    | Found a roughly hewn altar of Beogh.
 20784 | Orc:2    | Noticed an orc warlord
 20792 | Orc:2    | Found Istre's General Store.
 20794 | Orc:2    | Noticed an orc high priest
 20806 | Orc:2    | Killed from afar by an orc priest

Vault maps used:
D:1:      tarquinn_simple_flora_water_f, kennysheep_small_spiral
D:2:      gammafunk_temple_overflow_forgotten, first_ration,
          chequers_ecumenical_altar_simple, minmay_misc_feat_x
D:3:      tgw_sif
D:4:      cheibrodos_sewer_entry_sluice, st_stairs_1
D:5:      nicolae_ossuary_entry_monument, lemuel_flamethrower_1
D:6:      minmay_temple_entry_statues_fountains, uniq_eustachio
D:8:      old_standard_altar, serial_shops, shop, uniq_prince_ribbit1
D:9:      erik_orc_2, uniq_erolcha
D:10:     basic_altar
D:11:     grunt_lair_entry_orc_guard_hut, uniq_urug, uniq_maurice
Temple:   dpeg_five_rooms_temple
Lair:1:   minivault_11, nicolae_quartered_pool_medium, serial_bayou_lake_a,
          infiniplex_staircase_pool
Lair:2:   minmay_swamp_entry_swarm, infiniplex_staircase_pool_2,
          grunt_megastairs_3, serial_bayou_shore_b
Orc:1:    serial_shops, shop, uniq_snorg, uniq_josephine, uniq_erica
Orc:2:    pubby_orc_utopia, uniq_saint_roka
Sewer:    sewer_big_baddie
Ossuary:  ossuary_boxes_badplayer

Skill      XL: |  1  2  3  4  5  6  7  8  9 10 11 12 |
---------------+-------------------------------------+-----
Spellcasting   | 3 4 5 7 8 |  8.2
Hexes          | 4 5 6 7 8 |  8.0
Stealth        | 5 6 7 8 9 10 13 | 13.5
Short Blades   | 2 3 5 6 8 |  8.4
Dodging        | 4 5 6 7 8 10 12 13 | 13.8
Fighting       | 2 5 |  5.2
Evocations     | 3 5 6 10 | 10.3
Summonings     | 2 5 |  5.0
Ice Magic      | 2 5 |  5.0

Action                   |  1- 3 |  4- 6 |  7- 9 | 10-12 || total
-------------------------+-------+-------+-------+-------++-------
Melee: Dagger            |   175 |   347 |   597 |  1338 ||  2457
 Fire: Blowgun           |       |       |       |     2 ||     2
 Cast: Ensorcelled Hiber |     6 |     8 |       |       ||    14
       Corona            |     4 |       |       |       ||     4
       Confuse           |       |    32 |    40 |   132 ||   204
       Tukima's Dance    |       |     5 |     1 |    24 ||    30
Invok: Curse Item        |       |       |     2 |     2 ||     4
Evoke: Wand              |       |       |     5 |     7 ||    12
  Use: Potion            |     1 |       |       |     8 ||     9
       Scroll            |       |     8 |    13 |    11 ||    32
 Stab: Sleeping          |     9 |    15 |    30 |    40 ||    94
       Invisible         |     1 |       |       |     9 ||    10
       Confused          |       |     9 |    21 |    56 ||    86
       Distracted        |       |     1 |     1 |    10 ||    12
  Eat: Ration            |       |     3 |     5 |     6 ||    14
Armor: Robe              |    15 |    22 |    12 |    14 ||    63
Dodge: Dodged            |   144 |   318 |   383 |   891 ||  1736

Table legend:
 A = Spawn XP
 B = Non-spawn XP
 C = Spawn XP percentage of total XP
 D = Spawn monster count
 E = Non-spawn monster count
 F = Spawn count percentage of total count
 G = Total turns spent on level
                    A         B        C        D         E        F      G
               +---------+---------+-------+---------+---------+-------+---------
         Total |       0 |   35377 |   0.0 |       0 |     422 |   0.0 | 20806
               +---------+---------+-------+---------+---------+-------+---------
           D:1 |       0 |      45 |   0.0 |       0 |      18 |   0.0 |  1591
           D:2 |       0 |      95 |   0.0 |       0 |      22 |   0.0 |  1287
           D:3 |       0 |      87 |   0.0 |       0 |      17 |   0.0 |   768
           D:4 |       0 |     206 |   0.0 |       0 |      18 |   0.0 |   961
           D:5 |       0 |     357 |   0.0 |       0 |      18 |   0.0 |  1679
           D:6 |       0 |     735 |   0.0 |       0 |       8 |   0.0 |   569
           D:7 |       0 |    1084 |   0.0 |       0 |      25 |   0.0 |  1450
           D:8 |       0 |     590 |   0.0 |       0 |      11 |   0.0 |  1397
           D:9 |       0 |    5054 |   0.0 |       0 |      56 |   0.0 |  2058
          D:10 |       0 |    2631 |   0.0 |       0 |      28 |   0.0 |  1759
          D:11 |       0 |    6163 |   0.0 |       0 |      35 |   0.0 |  1248
        Lair:1 |       0 |    3498 |   0.0 |       0 |      24 |   0.0 |  1386
         Orc:1 |       0 |    3581 |   0.0 |       0 |       9 |   0.0 |   530
         Orc:2 |       0 |   10702 |   0.0 |       0 |      90 |   0.0 |  2095
         Sewer |       0 |     142 |   0.0 |       0 |       6 |   0.0 |   252
       Ossuary |       0 |     407 |   0.0 |       0 |      37 |   0.0 |  1529
               +---------+---------+-------+---------+---------+-------+---------
